AoeStats
← Dr_DanglePeen_AD

Black Forest

503730821Analyzed
4v4 RM · 29d ago on Sep 2, 2026· 39m 13s· 8 players
Game mode
Random Map
Map size
Large (8 player)
Population
200
Speed
Normal
Resources
Standard
Victory
Conquest
Starting age
Dark Age
Ending age
Imperial Age
RankedLock teamsTeams togetherTeam positionsShared explorationLock speedFull tech treeHidden civsTurbo modeCheats
Victory
Defeat
🇨🇦 Goths · Canada
1224
+16
🇳🇿 Gurjaras · New Zealand
1178
+18
🇨🇦 Romans · Canada
1167
+19
🇨🇳 Byzantines · China
1157
+19
🇺🇸 Magyars · United States
1318
-22
🇨🇱 Chinese · Chile
1203
-17
🇨🇱 Bengalis · Chile
1198
-17
🇺🇸 Portuguese · United States
1186
-16
Frak
0:48 Loom
12:12 Feudal Age
12:23 Man-at-Arms
12:56 Double-Bit Axe
15:02 Horse Collar
16:10 Forging
16:32 Scale Mail Armor
18:46 Fletching
23:34 Castle Age
22:39 Fishing Lines
23:14 Gold Mining
23:18 Stone Mining
24:12 Wheelbarrow
23:26 Town Watch
25:18 Chain Mail Armor
25:04 Pikeman
28:42 Gillnets
29:10 Squires
28:38 Long Swordsman
30:07 Bow Saw
35:03 Imperial Age
34:41 Gold Shaft Mining
34:35 Heavy Plow
35:57 Iron Casting
36:20 Conscription
37:51 Blast Furnace
38:46 Legionary
Suni
12:50 Feudal Age
16:32 Castle Age
14:25 Double-Bit Axe
15:34 Fishing Lines
17:40 Bow Saw
19:57 Horse Collar
21:29 Fishing Lines
23:10 Heavy Plow
24:28 Gillnets
25:14 Wheelbarrow
24:34 Gold Mining
25:47 Scale Mail Armor
25:57 Forging
25:59 Loom
27:10 Hand Cart
27:19 Stone Mining
27:23 Man-at-Arms
28:07 Squires
31:45 Imperial Age
29:06 Man-at-Arms
30:16 Chain Mail Armor
30:36 Iron Casting
30:31 Fletching
30:28 Long Swordsman
31:13 Anarchy
33:27 Blast Furnace
32:17 Town Watch
32:01 Elite Huskarl
32:43 Perfusion
34:58 Fletching
35:48 Stone Shaft Mining
36:24 Two-Man Saw
36:02 Crop Rotation
scrawnny12
11:20 Feudal Age
15:04 Castle Age
12:56 Double-Bit Axe
16:06 Bow Saw
17:28 Fishing Lines
21:21 Horse Collar
22:33 Gold Mining
23:36 Wheelbarrow
24:46 Loom
25:17 Hand Cart
26:09 Scale Barding Armor
29:46 Imperial Age
28:41 Chain Barding Armor
28:32 Forging
28:16 Stone Mining
29:04 Gold Shaft Mining
28:58 Bloodlines
28:49 Husbandry
30:58 Iron Casting
30:17 Heavy Camel Rider
31:35 Plate Barding Armor
31:27 Siege Elephant
32:17 Gillnets
32:20 Town Watch
帝国小牛
1:30 Loom
13:50 Feudal Age
19:06 Castle Age
17:39 Double-Bit Axe
30:21 Fletching
31:33 Bow Saw
32:23 Gold Mining
33:16 Padded Archer Armor
38:29 Imperial Age
40:02 Gold Shaft Mining
39:18 Stone Mining
DLonger7
12:24 Feudal Age
15:56 Castle Age
13:48 Double-Bit Axe
16:11 Fishing Lines
16:59 Bow Saw
20:25 Scale Barding Armor
23:52 Horse Collar
26:52 Wheelbarrow
30:14 Imperial Age
28:26 Ballistics
28:27 Fletching
28:37 Padded Archer Armor
28:51 Husbandry
29:01 Bloodlines
29:31 Bodkin Arrow
30:01 Hand Cart
29:51 Heavy Plow
30:09 Leather Archer Armor
31:08 Thumb Ring
30:52 Loom
31:06 Gold Mining
31:48 Parthian Tactics
32:45 Two-Man Saw
32:23 Gold Shaft Mining
32:45 Town Watch
32:36 Heavy Cavalry Archer
33:19 Recurve Bow
33:41 Conscription
34:13 Bracer
35:28 Chemistry
35:18 Onager
37:54 Light Cavalry
39:08 Ring Archer Armor
Dr_DanglePeen_AD
0:34 Loom
14:08 Feudal Age
17:31 Fletching
23:10 Castle Age
28:14 Double-Bit Axe
34:06 Bow Saw
35:59 Wheelbarrow
37:11 Pikeman
Malardo
5:33 Loom
12:34 Feudal Age
17:03 Castle Age
15:55 Gold Mining
15:52 Double-Bit Axe
16:14 Fishing Lines
16:44 Horse Collar
19:11 Fervor
20:00 Sanctity
21:51 Redemption
24:01 Atonement
26:12 Wheelbarrow
26:42 Devotion
28:49 Hand Cart
31:41 Gillnets
32:41 Town Watch
32:49 Fletching
34:08 Town Patrol
35:14 Bloodlines
35:05 Husbandry
38:48 Scale Barding Armor
38:54 Forging
Ω SangreSpirit Ω
0:33 Loom
12:10 Feudal Age
16:01 Castle Age
15:02 Double-Bit Axe
15:32 Gold Mining
16:59 Squires
29:05 Fletching
29:06 Horse Collar
34:14 Bow Saw
35:42 Wheelbarrow
34:53 Town Watch
35:47 Wheelbarrow
35:43 Man-at-Arms
37:11 Hand Cart
36:42 Town Watch
36:56 Long Swordsman
Connection lost

Rejoining the realm…

Still unreachable

The connection could not be restored.

Session expired

The server has moved on; the page needs a fresh start.